Electro, chaotic male elven Wizard ------ #-....-# #|....|# #|....|# #------# ### # # # ##### # # # # # # ### ## ------# # # -.--- |@.?.|# # ---------# ##* |^...# |o?..|# # |........# # |...|# |).?m|# # |.......|### |...| |?.+.|# ##-.......|# |...| |?m@.-# --------- |.<.| ------ ----- Electro the Evoker Experience level: 2 Strength: 12 Dexterity: 13 Constitution: 11 Intelligence: 20 Wisdom: 11 Charisma: 10 Health: 0(19) Energy: 3(20) Def: 0 Gold: 213 Moves: 1950 Dungeon seed: j7VQV57XtC-yw2a_ Game ID: Electro_1676898675 Your Inventory: Coins $ - 213 gold pieces Weapons a - a blessed +1 quarterstaff p - a -1 dagger (weapon in hand) Comestibles o - an uncursed pancake s - an uncursed tripe ration w - an uncursed lembas wafer z - an uncursed egg C - an uncursed food ration Scrolls i - an uncursed scroll of light j - an uncursed scroll of identify t - 2 uncursed scrolls of remove curse Spellbooks l - a blessed spellbook of force bolt m - an uncursed spellbook of jumping Potions f - an uncursed potion of sleeping g - an uncursed potion of see invisible h - an uncursed potion of enlightenment G - a blessed potion of extra healing Rings c - an uncursed +1 ring of increase accuracy d - an uncursed ring of conflict Wands b - a wand of striking (0:7) Tools n - an uncursed wooden harp D - a can of grease (0:24) E - an uncursed leash F - an uncursed mirror Gems q - 2 uncursed worthless pieces of yellowish brown glass y - 2 uncursed worthless pieces of yellow glass Spells and supernatural/magical abilities: Name Level Category Fail Memory a - force bolt 1 attack 0% 91% j - jumping 1 escape 0% 91% W - pray for help -- divine ? -- Your skills at the end: Fighting Skills Weapon Skills quarterstaff [Basic] Spellcasting Skills attack spells [Basic] enchantment spells [Basic] Final Attributes: You were piously aligned. You were telepathic. You had infravision. You are dead. Vanquished creatures: a floating eye a kitten an acid blob 5 giant rats a gnome zombie a gecko 5 jackals a fox a kobold a goblin a sewer rat 5 grid bugs a lichen 3 kobold zombies 2 newts 30 creatures vanquished. Voluntary challenges: You were an atheist. You used a wielded weapon 24 times, starting on turn 28. You read items or engraved 4 times, starting on turn 218. You never genocided any monsters. You never polymorphed an object. You never changed form. You used no wishes. You never split a pudding. You never wrote Elbereth's name. You never violated your personal moral code. Dungeon overview: The Dungeons of Doom: levels 1 to 4 Level 1 some fountains a long staircase Level 2 an altar to Anhur, a fountain Level 3 Level 4 <- You were here a scroll shop History has recorded: On T:1 you entered the Dungeons of Doom to retrieve the Amulet of Yendor! On T:402 you reached level 2 of The Dungeons of Doom. On T:1203 you reached level 3 of The Dungeons of Doom. On T:1437 you advanced to experience level 2. On T:1502 you reached level 4 of The Dungeons of Doom. Score breakdown: Gold: 213 ( 7927 points) Experience: 2 levels ( 5570 points) Exploration: 4 levels ( 8.00%) ( 7423 points) Discoveries: 2 items ( 0.72%) ( 2553 points) Valuables value: (no points given unless you survive) Artifact value: 0 ( 0 points) Variety of kills: 15 monsters ( 3.94%) ( 5952 points) Turncount: 1950 turns ( 0 points) Survival: died (score multiplied by 80%) Total score: 23540 Latest messages: You don't have enough energy to cast that spell. The crude dagger misses the small mimic. Lahinch seems uninterested. You hit the small mimic. The small mimic bumps right into you! The kitten picks up a scroll labeled ANDOVA BEGARIN. You hit the small mimic. The kitten drops a scroll labeled ANDOVA BEGARIN. You miss the small mimic. (3x) The small mimic hits! The kitten picks up a scroll. You see here a scroll of light (66 zorkmids). The kitten bites the goblin. The giant mimic hits the kitten. (2x) The kitten is killed! The goblin wields a crude dagger! You stop waiting. You hit the goblin. You miss the goblin. The goblin thrusts her crude dagger. The goblin hits! You die... Lahinch gratefully inherits all your possessions. Final status: Goodbye Electro the Wizard, killed by a goblin... You died in The Dungeons of Doom on dungeon level 4 with 23540 points, and 213 pieces of gold, after 1950 moves. You were level 2 with a maximum of 19 hit points when you died.